 Dungeon Crawl Stone Soup version 0.30-a0-170-g85af917532 (webtiles) character file.

Game seed: 6697320838704728502

832 qw the Chopper (level 7, -1/44 HPs)
             Began as a Gargoyle Fighter on Sept 30, 2022.
             Slain by a gnoll
             ... wielding a +0 flail
             ... led by a gnoll bouda
              (8 damage)
             ... on level 5 of the Dungeon.
             The game lasted 00:01:20 (3776 turns).

qw the Chopper (Gargoyle Fighter)                   Turns: 3776, Time: 00:01:21

Health: -1/44      AC: 18    Str: 21    XL:     7   Next: 98%
Magic:  7/7        EV:  7    Int:  9    God:
Gold:   53         SH:  5    Dex: 15    Spells: 6/6 levels left

rFire   . . .      SeeInvis .    Y - +1 war axe
rCold   . . .      Faith    .    c - +0 buckler
rNeg    + . .      Spirit   .    p - +0 chain mail
rPois   inf        Reflect  .    n - +0 helmet
rElec   +          Harm     .    (no cloak)
rCorr   .          Rampage  .    j - +0 pair of gloves
Will    +....                    f - +1 pair of boots
Stlth   ..........               (no amulet)
HPRegen 0.14/turn                m - +6 ring of dexterity
MPRegen 0.10/turn                (no ring)

@: about to teleport
A: sickness immunity, AC +4, negative energy resistance 1, electricity
resistance, torment resistance 1, petrification resistance, strong-willed 1
a: no special abilities


You were on level 5 of the Dungeon.
You visited 1 branch of the dungeon, and saw 5 of its levels.

You collected 253 gold pieces.
You spent 200 gold pieces at shops.


Innate Abilities, Weirdness & Mutations

You are immune to sickness and miasma.
Your stone body is resilient. (AC +4)
You are immune to poison.
You resist negative energy. (rN+)
You are resistant to electric shocks. (rElec)
You are resistant to unholy torment.
You are immune to petrification.
You are strong-willed. (Will+)


   Skills:
 - Level 5.3 Fighting
 - Level 7.0 Axes
 + Level 3.8 Armour
 - Level 1.0 Dodging
 - Level 3.2 Shields


You had 6 spell levels left.
You didn't know any spells.
Your spell library was empty.

Inventory:

Hand Weapons
 o - a +0 flail of venom
 Y - a +1 war axe (weapon)
Missiles
 a - 2 boomerangs (quivered)
Armour
 c - a +0 buckler (worn)
 f - a +1 pair of boots (worn)
 j - a +0 pair of gloves (worn)
 n - a +0 helmet (worn)
 p - a +0 chain mail (worn)
Jewellery
 b - a ring of positive energy
 m - a +6 ring of dexterity (left hand)
Scrolls
 e - 2 scrolls of teleportation
 g - a scroll of identify
Potions
 d - 2 potions of might
 h - 3 potions of attraction
 i - a potion of cancellation
 l - a potion of heal wounds
 s - 2 potions of mutation
 t - a potion of lignification {unknown}

Dungeon Overview and Level Annotations

Branches:
Dungeon (5/15)
 Temple: D:4-7

Altars:

Shops:
D:5 =


Message History

The orc is healed somewhat.
Something hits you but does no damage. The orc closely misses you.
The gnoll barely misses you.
You slash the orc priest!
You kill the orc priest!
You hit the gnoll bouda but do no damage.
You slash the gnoll! You hit the orc. You barely miss the orc.
You barely miss something. You barely miss the jackal.
You block the jackal's attack. You block the gnoll's attack.
The gnoll closely misses you. The gnoll bouda barely misses you.
The orc barely misses you. Something hits you but does no damage.
The orc hits you but does no damage. The gnoll hits you but does no damage.
The jackal bites you but does no damage.
The gnoll barely misses you.
You closely miss the jackal.
The jackal is severely wounded.
You hit the orc.
You kill the orc!
You slash the orc!
You kill the orc!
You closely miss something. You hit the gnoll but do no damage.
You closely miss the gnoll bouda. You hit the gnoll.
You kill the gnoll!
The gnoll hits you from afar with a +0 halberd!
The jackal bites you but does no damage.
Something hits you but does no damage. You block the gnoll's attack.
The gnoll barely misses you. The jackal bites you.
The gnoll hits you but does no damage.
You hit the jackal.
You kill the jackal!
You slash the gnoll! You closely miss something. You hit the gnoll bouda.
You closely miss the gnoll. Something hits you but does no damage.
The gnoll hits you but does no damage. x2
The gnoll barely misses you. The gnoll hits you with a +0 club.
Something hits you but does no damage.
The gnoll bouda hits you with a +0 club!
3776 ||| READING 3 scrolls of teleportation.
As you read the scroll of teleportation, it crumbles to dust.
You feel strangely unstable. The gnoll hits you with a +0 flail!
You die...

.....)............
............#'##########
#####.......#...........
#.......#...........
#.......#...........
#.......'...........
#.......#....)......
##########.))%g.....
#...@g....$.
#..g{gg.....
#...........
##.......... ###...#..##
###..#.# #.#... .# #.


You could see a gnoll bouda and 4 gnolls.

Vanquished Creatures
  A black bear (D:5)
  An ogre (D:4)
  A bullfrog (D:4)
  2 necrophages (D:5)
  2 scorpions (D:4)
  2 hounds (D:4)
  An orc priest (D:5)
  2 iguanas (D:4)
  2 orc wizards
  A gnoll (D:5)
  6 adders
  2 worms
  2 dart slugs
  13 orcs
  4 endoplasms
  5 giant cockroaches
  6 goblins
  4 hobgoblins
  6 jackals
  5 quokkas
  3 ball pythons
  2 bats
  3 frilled lizards
  6 kobolds
  2 rats
84 creatures vanquished.

Notes
Turn   | Place    | Note
-------+----------+-------------------------------------------
     0 | D:1      | qw the Gargoyle Fighter began the quest for the Orb.
     0 | D:1      | Reached XP level 1. HP: 14/14 MP: 1/1
     0 | D:1      | 0 ||| qw: Version: 0.2-a-12-gaebbb33
     0 | D:1      | 0 ||| qw: Game counter: 1634
     0 | D:1      | 0 ||| qw: Always use a shield: true
     0 | D:1      | 0 ||| qw: God list: Okawaru
     0 | D:1      | 0 ||| qw: Allow faded altars: false
     0 | D:1      | 0 ||| qw: Do Orc after D:15 true
     0 | D:1      | 0 ||| qw: Do second Lair branch before Depths: true
     0 | D:1      | 0 ||| qw: Lair rune preference: random
     0 | D:1      | 0 ||| qw: Plans: Normal, Zot:1-4, God:TSO, Crypt, Tomb,
                  | Pan, Slime:5, Hells, Abyss, Orb
     0 | D:1      | 0 ||| PLANNING D:1-11
   358 | D:1      | 358 ||| Stepping ~*~*~tactically~*~*~ (hiding).
   368 | D:1      | Reached skill level 2 in Axes
   481 | D:1      | Reached XP level 2. HP: 19/19 MP: 2/2
   781 | D:1      | 781 ||| UPGRADING to +1 pair of boots.
   786 | D:1      | 786 ||| UPGRADING to +0 pair of gloves.
   791 | D:1      | 791 ||| READING scroll labelled UCSA DOBYPSAOB.
   795 | D:1      | 795 ||| READING 2 scrolls labelled XEKKEO FIPE.
   796 | D:1      | 796 ||| READING scroll labelled YDACARA GIKAA.
   866 | D:2      | Reached skill level 3 in Axes
   879 | D:2      | Reached XP level 3. HP: 21/23 MP: 3/3
   995 | D:2      | 995 ||| Stepping ~*~*~tactically~*~*~ (stealth).
  1003 | D:2      | 1003 ||| Stepping ~*~*~tactically~*~*~ (stealth).
  1020 | D:2      | 1020 ||| Stepping ~*~*~tactically~*~*~ (stealth).
  1022 | D:2      | 1022 ||| Stepping ~*~*~tactically~*~*~ (hiding).
  1023 | D:2      | 1023 ||| Stepping ~*~*~tactically~*~*~ (hiding).
  1026 | D:2      | 1026 ||| Stepping ~*~*~tactically~*~*~ (hiding).
  1027 | D:2      | 1027 ||| Stepping ~*~*~tactically~*~*~ (hiding).
  1306 | D:2      | 1306 ||| DROPPING +0 club.
  1454 | D:2      | 1454 ||| UPGRADING to +6 ring of dexterity.
  1455 | D:2      | 1455 ||| READING scroll labelled EHUN PAASKIE.
  1456 | D:2      | 1456 ||| READING scroll labelled SAUTAKLOQE.
  1457 | D:2      | 1457 ||| READING 5 scrolls of identify.
  1457 | D:2      | 1457 ||| IDENTIFYING bubbling grey potion
  1458 | D:2      | 1458 ||| READING 4 scrolls of identify.
  1458 | D:2      | 1458 ||| IDENTIFYING silvery potion
  1459 | D:2      | 1459 ||| READING 3 scrolls of identify.
  1459 | D:2      | 1459 ||| IDENTIFYING inky potion
  1503 | D:3      | 1503 ||| STAIRDANCE
  1577 | D:3      | Noticed a great orb of eyes
  1579 | D:3      | Found a faded altar of an unknown god.
  1603 | D:3      | 1603 ||| Stepping ~*~*~tactically~*~*~ (stealth).
  1604 | D:3      | 1604 ||| Stepping ~*~*~tactically~*~*~ (stealth).
  1612 | D:3      | Reached skill level 1 in Dodging
  1612 | D:3      | Reached XP level 4. HP: 22/28 MP: 4/4
  2246 | D:3      | Noticed a great orb of eyes
  2246 | D:3      | Noticed a floating eye
  2246 | D:3      | Noticed a shining eye
  2517 | D:3      | 2517 ||| UPGRADING to +0 helmet.
  2522 | D:3      | 2522 ||| READING scroll labelled ZAIJISIPHA.
  2523 | D:3      | 2523 ||| READING 2 scrolls of identify.
  2523 | D:3      | 2523 ||| IDENTIFYING sedimented pink potion
  2524 | D:3      | 2524 ||| DROPPING potion of flight.
  2546 | D:4      | 2546 ||| STAIRDANCE
  2567 | D:4      | Noticed an ogre
  2577 | D:4      | Killed an ogre
  2578 | D:4      | Reached skill level 4 in Axes
  2578 | D:4      | Reached XP level 5. HP: 32/32 MP: 5/5
  2607 | D:4      | Reached skill level 5 in Axes
  2607 | D:4      | Reached XP level 6. HP: 37/37 MP: 6/6
  2676 | D:4      | 2676 ||| FLEEEEING.
  2677 | D:4      | 2677 ||| FLEEEEING.
  2678 | D:4      | 2678 ||| FLEEEEING.
  2679 | D:4      | 2679 ||| FLEEEEING.
  2680 | D:4      | 2680 ||| FLEEEEING.
  2681 | D:4      | 2681 ||| FLEEEEING.
  2682 | D:4      | 2682 ||| FLEEEEING.
  2683 | D:4      | 2683 ||| FLEEEEING.
  2684 | D:4      | 2684 ||| FLEEEEING.
  2685 | D:4      | 2685 ||| FLEEEEING.
  2687 | D:4      | 2687 ||| FLEEEEING.
  2688 | D:4      | 2688 ||| FLEEEEING.
  2689 | D:4      | 2689 ||| FLEEEEING.
  2690 | D:4      | 2690 ||| FLEEEEING.
  2691 | D:4      | 2691 ||| FLEEEEING.
  2692 | D:4      | 2692 ||| FLEEEEING.
  2693 | D:4      | 2693 ||| FLEEEEING.
  2694 | D:4      | 2694 ||| FLEEEEING.
  3010 | D:4      | 3010 ||| Stepping ~*~*~tactically~*~*~ (hiding).
  3139 | D:4      | 3139 ||| UPGRADING to +0 chain mail.
  3150 | D:4      | 3150 ||| DROPPING +0 scale mail.
  3178 | D:4      | Reached skill level 6 in Axes
  3178 | D:4      | Reached XP level 7. HP: 44/44 MP: 7/7
  3560 | D:4      | 3560 ||| DROPPING amulet of magic regeneration.
  3561 | D:4      | 3561 ||| READING scroll labelled FOUCKU XAEDWO.
  3562 | D:4      | 3562 ||| DRINKING 3 fizzy cyan potions.
  3562 | D:4      | Gained mutation: You are strong-willed. (Will+) [potion of
                  | mutation]
  3563 | D:4      | 3563 ||| READING 4 scrolls of identify.
  3563 | D:4      | 3563 ||| IDENTIFYING fizzy amethyst potion
  3564 | D:4      | 3564 ||| READING 3 scrolls of identify.
  3564 | D:4      | 3564 ||| IDENTIFYING coppery potion
  3565 | D:4      | 3565 ||| READING 2 scrolls of identify.
  3565 | D:4      | 3565 ||| IDENTIFYING glowing coppery potion
  3566 | D:4      | 3566 ||| DROPPING potion of ambrosia.
  3567 | D:4      | 3567 ||| DROPPING potion of invisibility.
  3568 | D:4      | 3568 ||| DROPPING potion of magic.
  3603 | D:5      | Entered Level 5 of the Dungeon
  3603 | D:5      | Found Gauf Cue's Jewellery Boutique.
  3607 | D:5      | 3607 ||| SHOPLISTING +4 ring of evasion (360 gold, have
                  | 218).
  3607 | D:5      | 3607 ||| SHOPLISTING +4 ring of protection (360 gold, have
                  | 218).
  3607 | D:5      | 3607 ||| BUYING ring of positive energy (200 gold).
  3607 | D:5      | Bought a ring of positive energy for 200 gold pieces
  3607 | D:5      | 3607 ||| SHOPLISTING ring of protection from cold (250
                  | gold, have 18).
  3607 | D:5      | 3607 ||| SHOPLISTING ring of see invisible (150 gold, have
                  | 18).
  3607 | D:5      | 3607 ||| SHOPLISTING ring of willpower (250 gold, have 18).
  3714 | D:5      | 3714 ||| Stepping ~*~*~tactically~*~*~ (stealth).
  3718 | D:5      | Reached skill level 7 in Axes
  3775 | D:5      | HP: 7/44 [gnoll bouda/+0 club (10)]
  3776 | D:5      | 3776 ||| READING 3 scrolls of teleportation.
  3776 | D:5      | Slain by a gnoll

Levels and vault maps discovered:
D:1:      minmay_arrival_stair_chambers, layout_loops_ring
D:2:      layout_rooms, hangedman_decor_points, minmay_stone_trees_small
D:3:      layout_basic, hellmonk_ecumenical_altar_watching_god
D:4:      layout_gridville, nicolae_concentric_dashed_squares_mild
D:5:      layout_basic, serial_shops, shop, nicolae_shop_overcharged_wands

Skill      XL: |  1  2  3  4  5  6  7 |
---------------+----------------------+-----
Axes           | 2 3 4 5 6 7 |  7.0
Dodging        | 1 |  1.0
Fighting       | 4 5 |  5.3
Armour         | |  3.8
Shields        | |  3.2

Action                   |  1- 3 |  4- 6 |  7- 9 || total
-------------------------+-------+-------+-------++-------
Melee: War axe           |   104 |    86 |    43 ||   233
Throw: Boomerang         |       |    15 |    17 ||    32
  Use: Scroll            |     8 |     2 |     5 ||    15
       Potion            |       |       |     1 ||     1
Armor: Scale mail        |    49 |    42 |       ||    91
       Chain mail        |       |     2 |    42 ||    44
       Skin              |       |     2 |       ||     2
Dodge: Dodged            |    59 |    55 |    23 ||   137
Block: Buckler           |    17 |    18 |     9 ||    44

Table legend:
 A = Non-vault XP
 B = Vault XP
 C = Vault XP percentage of total XP
 D = Non-vault monster count
 E = Vault monster count
 F = Vault count percentage of total count
                 A         B        C        D         E       F
            +---------+---------+-------+---------+---------+-------
      Total |    1189 |       0 |   0.0 |      84 |       0 |   0.0
            +---------+---------+-------+---------+---------+-------
        D:1 |      14 |       0 |   0.0 |       8 |       0 |   0.0
        D:2 |      47 |       0 |   0.0 |      18 |       0 |   0.0
        D:3 |      49 |       0 |   0.0 |      13 |       0 |   0.0
        D:4 |     651 |       0 |   0.0 |      28 |       0 |   0.0
        D:5 |     428 |       0 |   0.0 |      17 |       0 |   0.0
            +---------+---------+-------+---------+---------+-------
